 Dungeon Crawl Stone Soup version 0.27.1-33-g824d729ab1 (webtiles) character file.

Game seed: 1844163930353207726

28394 LLlMATKO the Basher (level 13, -22/178 HPs)
             Began as a Minotaur Berserker on Dec 31, 2021.
             Was a High Priest of Trog.
             Killed from afar by an ironbound frostheart (39 damage)
             ... by creeping frost
             ... in an ice cave.
             The game lasted 00:25:39 (16251 turns).

LLlMATKO the Basher (Minotaur Berserker)           Turns: 16251, Time: 00:25:39

Health: -22/178    AC: 18    Str: 21    XL:     13   Next: 9%
Magic:  12/12      EV: 16    Int: 10    God:    Trog [*****.]
Gold:   414        SH:  0    Dex: 18    Spells: 12/12 levels left

rFire    x . .     SeeInvis .   u - +6 morningstar "Luehics" {freeze, Int+4}
rCold    + . .     Faith    .   (no shield)
rNeg     . . .     Spirit   .   N - +5 scale mail "Ici Olou" {Will+ Int+2 Dex+2}
rPois    .         Reflect  .   G - +1 hat
rElec    .         Harm     .   (no cloak)
rCorr    .         Rampage  .   w - +0 pair of gloves
Will     +....                  D - +0 pair of boots
Stlth    ..........             (no amulet)
HPRegen  0.39/turn              I - ring of flight
MPRegen  0.13/turn              x - ring of ice

@: berserking, frozen, flying, quick
A: horns 2, retaliatory headbutt
a: Renounce Religion, Berserk, Trog's Hand, Brothers in Arms


You were in an ice cave.
You worshipped Trog.
Trog was extremely pleased with you.
You visited 1 branch of the dungeon, and saw 13 of its levels.
You also visited: Ice Cave.

You collected 612 gold pieces.
You spent 198 gold pieces at shops.

Inventory:

Hand Weapons
 i - a +1 vorpal flail
 m - a +0 whip of chaos
 u - the +6 morningstar "Luehics" (weapon) {freeze, Int+4}
   (You bought it in a shop on level 5 of the Dungeon)

   It freezes those it strikes, dealing additional cold damage.
   It can also slow down cold-blooded creatures.
   Int:       It affects your intelligence (+4).
 y - a +0 hand crossbow
 F - a +4 battleaxe of freezing
Missiles
 d - 6 boomerangs (quivered)
 g - 127 bolts
 r - 30 poisoned darts
Armour
 w - a +0 pair of gloves (worn)
 B - a +0 plate armour
 D - a +0 pair of boots (worn)
 G - a +1 hat (worn)
 N - the +5 scale mail "Ici Olou" (worn) {Will+ Int+2 Dex+2}
   (You found it on level 11 of the Dungeon)

   Int:       It affects your intelligence (+2).
   Dex:       It affects your dexterity (+2).
   Will:      It increases your willpower.
Jewellery
 f - a ring of protection from fire
 l - a ring of willpower
 x - a ring of ice (right hand)
 I - a ring of flight (left hand)
 K - a ring of positive energy
Wands
 p - a wand of charming (7)
 E - a wand of paralysis (9)
 H - a wand of iceblast (15)
 M - a wand of mindburst (3)
Scrolls
 c - 2 scrolls of noise
 h - 6 scrolls of fog
 j - 15 scrolls of identify
 n - 5 scrolls of teleportation
 v - 5 scrolls of blinking {unknown}
 A - 2 scrolls of amnesia {unknown}
 J - a scroll of summoning {unknown}
Potions
 a - 4 potions of heal wounds
 b - 2 potions of attraction {unknown}
 e - a potion of brilliance {unknown}
 k - a potion of invisibility {unknown}
 o - a potion of resistance {unknown}
 q - a potion of mutation {unknown}
 s - 2 potions of degeneration {unknown}
 t - 2 potions of magic {unknown}
 z - 3 potions of lignification {unknown}
 C - a potion of ambrosia {unknown}
 L - a potion of curing {unknown}


   Skills:
 + Level 12.6 Fighting
 + Level 12.7 Maces & Flails
 + Level 9.6 Crossbows
 + Level 12.4 Armour
 + Level 11.4 Dodging


You had 12 spell levels left.
You didn't know any spells.
Your spell library was empty.

Dungeon Overview and Level Annotations

Branches:
Dungeon (13/15)            Temple (0/1) D:4            Lair (0/6) D:10
    Orc (0/2) D:10         Vaults (0/5) D:13          IceCv (1/1)

Altars:
Elyvilon
Hepliaklqana
Makhleb
Nemelex Xobeh
Okawaru
Ru
Trog
Xom

Shops:
D:5 [(   D:8 (   D:10 *

Portals:
Trove: D:12 (give horn of Geryon)

Annotations:
D:4 1 runed translucent door
D:10 2 runed translucent doors, Jazqba's ghost, journeyman HOMo


Innate Abilities, Weirdness & Mutations

You have a pair of horns on your head.
You reflexively headbutt those who attack you in melee.


Message History

The death yak gores you!
You puncture the death yak! You freeze the death yak.
You headbutt the death yak, but do no damage.
The death yak is moderately wounded.
The death yak misses you.
You puncture the death yak! You freeze the death yak.
The death yak is heavily wounded.
The death yak gores you!!
You barely miss the death yak.
The death yak is heavily wounded.
The death yak gores you!
You are too injured to fight recklessly!
You are too injured to fight recklessly!
You sock the death yak! You freeze the death yak. You headbutt the death yak.
The death yak is almost dead.
You hit the death yak but do no damage.
The death yak is almost dead.
The death yak gores you!
* * * LOW HITPOINT WARNING * * *
You bludgeon the death yak!! You freeze the death yak!
You kill the death yak!
Trog accepts your kill.
You barely miss the ironbound frostheart.
The ironbound frostheart calls freezing cold from the walls.
The frost grips you! You partially resist.
* * * LOW HITPOINT WARNING * * *
You are encased in ice.
A red film seems to cover your vision as you go berserk!
You feel yourself moving faster!
You feel mighty! The ironbound frostheart touches you!
* * * LOW HITPOINT WARNING * * *
The ironbound frostheart freezes you! You resist.
* * * LOW HITPOINT WARNING * * *
You thump the ironbound frostheart! You freeze the ironbound frostheart.
The ironbound frostheart is lightly wounded.
You hit the ironbound frostheart. You headbutt the ironbound frostheart!
The ironbound frostheart is moderately wounded.
The ironbound frostheart calls freezing cold from the walls.
The frost grips you!!! You partially resist.
You die... .°...#.# .$ °☼○##§.##### .### ## ###...°### h.Y## ###....#☼..## YhpY#

##.....####..###p..#
##.....#####..##.YY#
....######...##..###
...## #.....###p.#
.### ##[..#.#@###
######## ######.##
.##....### ###
#÷...#...###
#######....###
####...## ##...####
## ##.....# .#
##..⌠..#.#


You could see an ironbound frostheart.

Vanquished Creatures
  Gastronok (D:8)
  A centaur warrior (D:13)
  3 two-headed ogres
  7 death yaks (IceCv)
  2 deep elf pyromancers
  A wizard (D:13)
  The ghost of madmanarnold the Spear-Bearer, a novice FoFi (D:4)
  A cyclops (D:11)
  An ugly thing (D:11)
  A manticore (D:7)
  An ice statue (IceCv)
  A centaur zombie (D:11)
  Psyche (D:8)
  2 kobold demonologists
  4 trolls
  10 polar bears (IceCv)
  Grinder (D:5)
  2 slime creatures (D:13)
  A shadow (D:12)
  2 vampires
  27 yaks
  A wraith (D:7)
  A wyvern (D:10)
  Grum (D:10)
  2 steam dragons
  Menkaure (D:7)
  4 wargs (D:10)
  4 water moccasins
  2 acid dragons
  2 orc warriors
  An ice beast (D:5)
  3 sky beasts
  3 black bears (D:10)
  2 ogres
  8 centaurs
  19 wolves
  5 bullfrogs
  A gnoll sergeant (D:7)
  A scorpion (D:7)
  6 killer bees (D:10)
  A jelly (D:7)
  7 wights (D:7)
  9 electric eels (D:11)
  9 howler monkeys
  2 hounds
  2 orc priests
  2 bullfrog skeletons (D:6)
  Jessica (D:3)
  Terence (D:3)
  4 orc wizards
  2 iguanas
  2 killer bee zombies
  A howler monkey zombie (D:5)
  7 gnolls
  2 howler monkey skeletons
  6 adders
  12 white imps (D:13)
  2 worms (D:4)
  2 dart slugs
  21 orcs
  9 endoplasms
  A giant cockroach (D:2)
  5 goblins
  10 hobgoblins
  4 jackals (D:2)
  2 quokkas
  4 ball pythons
  11 bats
  A frilled lizard (D:2)
  8 kobolds
  7 rats
295 creatures vanquished.

Vanquished Creatures (others)
  A two-headed ogre (D:13)
  A polar bear (IceCv)
  A yak (IceCv)
  A wolf (IceCv)
  37 fungi (D:10)
  35 plants
76 creatures vanquished.

Grand Total: 371 creatures vanquished

Notes
Turn   | Place    | Note
-------+----------+-------------------------------------------
     0 | D:1      | LLlMATKO the Minotaur Berserker began the quest for the
                  | Orb.
     0 | D:1      | Reached XP level 1. HP: 19/19 MP: 0/0
   333 | D:1      | Reached XP level 2. HP: 23/27 MP: 1/1
   697 | D:1      | Found a faded altar of an unknown god.
   928 | D:2      | Reached XP level 3. HP: 27/33 MP: 2/2
  1123 | D:2      | Reached XP level 4. HP: 36/40 MP: 3/3
  1536 | D:2      | Reached ** piety under Trog
  1771 | D:2      | You fall into a shaft and drop 2 floors!
  1771 | D:4      | Found a shimmering altar of Xom.
  1771 | D:4      | Found a large runed translucent door.
  1771 | D:4      | Found a large runed translucent door.
  2017 | D:4      | Noticed an ogre
  2024 | D:4      | Killed an ogre
  2025 | D:4      | Reached skill level 5 in Maces & Flails
  2025 | D:4      | Reached XP level 5. HP: 15/47 MP: 4/4
  2329 | D:4      | Found a burning altar of Makhleb.
  2447 | D:4      | Found a runed translucent door.
  2450 | D:4      | Noticed madmanarnold's ghost (novice FoFi)
  2536 | D:4      | Found a staircase to the Ecumenical Temple.
  2584 | D:3      | Noticed Terence
  2590 | D:3      | Killed Terence
  2591 | D:3      | Reached skill level 5 in Fighting
  3165 | D:3      | Found a sacrificial altar of Ru.
  3200 | D:3      | Reached XP level 6. HP: 56/56 MP: 5/5
  3583 | D:3      | Noticed Jessica
  3593 | D:3      | Killed Jessica
  3838 | D:4      | Found a runed translucent door.
  3860 | D:4      | Found an iron altar of Okawaru.
  3964 | D:4      | Found a bloodstained altar of Trog.
  4206 | D:4      | Killed madmanarnold's ghost
  4207 | D:4      | Reached skill level 5 in Armour
  4207 | D:4      | Reached skill level 5 in Dodging
  4207 | D:4      | Reached XP level 7. HP: 56/63 MP: 6/6
  4356 | D:5      | Entered Level 5 of the Dungeon
  4356 | D:5      | Noticed Grinder
  4372 | D:5      | Paralysed by Grinder for 4 turns
  4412 | D:5      | Reached *** piety under Trog
  4482 | D:5      | Killed Grinder
  4483 | D:5      | Reached XP level 8. HP: 45/71 MP: 7/7
  4773 | D:5      | Found Jut Guos's Armour Shop.
  4816 | D:5      | Found Quableh's Antique Weapon Shoppe.
  4824 | D:5      | Bought a masterwork morningstar for 162 gold pieces
  4824 | D:5      | Identified the +6 morningstar "Luehics" {freeze, Int+4}
                  | (You bought it in a shop on level 5 of the Dungeon)
  6172 | D:7      | Reached skill level 1 in Crossbows
  6179 | D:7      | Reached XP level 9. HP: 64/81 MP: 8/8
  6513 | D:7      | Found a sparkling altar of Nemelex Xobeh.
  6514 | D:7      | Found a hazy altar of Hepliaklqana.
  6546 | D:7      | Noticed a manticore
  6552 | D:7      | Killed a manticore
  7009 | D:7      | Noticed Menkaure
  7016 | D:7      | Killed Menkaure
  7575 | D:8      | Noticed a deep elf pyromancer
  7577 | D:8      | Reached **** piety under Trog
  7587 | D:7      | Reached XP level 10. HP: 49/91 MP: 9/9
  7797 | D:8      | Killed a deep elf pyromancer
  8026 | D:8      | Noticed Psyche
  8032 | D:8      | Killed Psyche
  8335 | D:8      | Noticed Gastronok
  8348 | D:8      | Killed Gastronok
  8349 | D:8      | Reached skill level 10 in Fighting
  8349 | D:8      | Reached skill level 10 in Maces & Flails
  8349 | D:8      | Reached skill level 5 in Crossbows
  8421 | D:8      | Found Afext's Antique Weapon Shoppe.
  9059 | D:9      | Noticed a two-headed ogre
  9066 | D:9      | Killed a two-headed ogre
  9067 | D:9      | Reached XP level 11. HP: 94/100 MP: 10/10
  9352 | D:10     | Entered Level 10 of the Dungeon
  9364 | D:10     | Found Hood Tesi's Island Escapes.
  9384 | D:10     | Reached skill level 10 in Armour
  9407 | D:10     | Bought a scroll of teleportation for 36 gold pieces
  9459 | D:10     | Found a staircase to the Lair.
  9658 | D:10     | Noticed Jazqba's ghost (journeyman HOMo)
  9659 | D:10     | Noticed a lich
  9659 | D:10     | Noticed an ettin
  9660 | D:10     | Noticed a death knight
  9660 | D:10     | Noticed a necromancer
  9660 | D:10     | Noticed a stone giant
  9686 | D:10     | Found a staircase to the Orcish Mines.
 10585 | D:10     | Noticed Grum
 10594 | D:10     | Found a runed translucent door.
 10597 | D:10     | Killed Grum
 10687 | D:10     | Noticed a skeletal warrior
 10688 | D:10     | Noticed a skeletal warrior
 10693 | D:10     | Found a runed translucent door.
 11229 | D:11     | Noticed a two-headed ogre
 11563 | D:11     | Noticed a white ugly thing
 11826 | D:11     | Identified the +5 scale mail "Ici Olou" {Will+ Int+2 Dex+2}
 11849 | D:11     | Killed a white ugly thing
 11849 | D:11     | Reached ***** piety under Trog
 11850 | D:11     | Reached skill level 10 in Dodging
 13365 | D:12     | Found a portal to a secret trove of treasure.
 13395 | D:12     | Found a white marble altar of Elyvilon.
 13629 | D:12     | Noticed a deep elf pyromancer
 13635 | D:12     | Killed a deep elf pyromancer
 14101 | D:13     | Killed a two-headed ogre
 14103 | D:13     | Reached XP level 12. HP: 110/110 MP: 11/11
 14116 | D:13     | Noticed a two-headed ogre
 14121 | D:13     | Killed a two-headed ogre
 14135 | D:13     | Found a gate to the Vaults.
 14145 | D:13     | Noticed a centaur warrior
 14154 | D:13     | Killed a centaur warrior
 14239 | D:13     | Found a frozen archway.
 14442 | D:13     | Killed a two-headed ogre
 14488 | IceCv    | Entered an ice cave
 15260 | IceCv    | Noticed a death yak
 15270 | IceCv    | Killed a death yak
 15527 | IceCv    | Noticed a death yak
 15527 | IceCv    | Noticed a death yak
 15528 | IceCv    | Noticed a death yak
 15538 | IceCv    | Killed a death yak
 15544 | IceCv    | Killed a death yak
 15552 | IceCv    | Killed a death yak
 15810 | IceCv    | Noticed a death yak
 15884 | IceCv    | Noticed a death yak
 15895 | IceCv    | Killed a death yak
 15903 | IceCv    | Killed a death yak
 15904 | IceCv    | Reached XP level 13. HP: 53/119 MP: 12/12
 16251 | IceCv    | Killed from afar by an ironbound frostheart

Illustrated notes

Levels and vault maps discovered:
D:1:      eino_arrival_tree_alley, layout_basic, shapermc_ecumenical_altar_petra
D:2:      layout_loops_cross
D:3:      layout_basic, general_overflow_altar, uniq_jessica, uniq_terence
D:4:      due_chaos_kobolds, layout_loops_ring, okawaru_gym_becter,
          lemuel_crystal_altar, mainiacjoe_overflow_concentric_impassable,
          minmay_temple_entry_butterflies, ebering_ghost_sewer_f
D:5:      layout_rooms, serial_shops, shop, shop, corexii_shack,
          roderic_batcave, uniq_grinder
D:6:      layout_basic
D:7:      layout_loops_ring, gammafunk_temple_overflow_wave, st_stairs_8,
          uniq_menkaure
D:8:      layout_basic, serial_shops, shop, uniq_psyche, uniq_gastronok
D:9:      layout_basic, minmay_fountain_box
D:10:     layout_roguey, due_lair_maze_entry_diamond,
          minmay_orc_entry_guard_dogs, serial_curves, eino_curves_02,
          eino_curves_04, muffindrake_ghost_dual_entry, nicolae_island_escapes,
          uniq_grum
D:11:     layout_basic
D:12:     layout_basic, enter_trove_1, nicolae_elyvilon_temple_path
D:13:     layout_loops_corners, david_vaults_1, portal_ice_cave_entry_imps,
          serial_shops, bzr_firewalk
IceCv:    ice_cave_caverns_01

Skill      XL: |  1  2  3  4  5  6  7  8  9 10 11 12 |
---------------+-------------------------------------+-----
Fighting       | 4 5 6 7 9 10 11 12 | 12.6
Maces & Flails | 4 5 6 7 9 10 11 12 | 12.7
Armour         | 3 4 5 6 7 8 9 11 12 | 12.4
Dodging        | 3 5 6 7 9 10 11 | 11.4
Crossbows      | 1 4 6 7 9 |  9.6

Action                   |  1- 3 |  4- 6 |  7- 9 | 10-12 | 13-15 || total
-------------------------+-------+-------+-------+-------+-------++-------
Melee: Mace              |    34 |       |       |       |       ||    34
       Headbutt          |    10 |    16 |    29 |   119 |     7 ||   181
       Flail             |     3 |   112 |    44 |       |       ||   159
       Whip              |       |     2 |       |       |       ||     2
       Morningstar       |       |       |   121 |   443 |    20 ||   584
 Fire: Hand crossbow     |       |       |       |    14 |       ||    14
Throw: Boomerang         |     1 |     4 |     1 |    35 |       ||    41
Invok: Berserk           |     1 |     4 |     5 |     6 |     2 ||    18
  Use: Scroll            |       |       |       |     4 |       ||     4
 Stab: Sleeping          |     2 |       |       |       |       ||     2
Armor: Animal skin       |     8 |     6 |       |       |       ||    14
       Chain mail        |       |    17 |    87 |       |       ||   104
       Scale mail        |       |     2 |       |    99 |     1 ||   102
       Plate armour      |       |       |    27 |   126 |       ||   153
Dodge: Dodged            |    19 |    60 |   105 |   316 |     8 ||   508
